 Dungeon Crawl Stone Soup version 0.29-a0-885-gb26ba3297d (webtiles) character file.

Game seed: 11647017089797967394

45 porpoise the Magician (level 3, -1/29 HPs)
             Began as a Djinni Hedge Wizard on July 21, 2022.
             Slain by a gnoll
             ... wielding a +0 club
              (4 damage)
             ... on level 2 of the Dungeon.
             The game lasted 00:05:27 (1718 turns).

porpoise the Magician (Djinni Hedge Wizard)         Turns: 1718, Time: 00:05:27

Health: -1/29      AC:  3    Str:  9    XL:     3   Next: 90%
Gold:   112        EV: 12    Int: 17    God:
                   SH:  0    Dex: 12

rFire   + + .      SeeInvis .   a - +0 dagger
rCold   x . .      Faith    .   (no shield)
rNeg    + . .      Spirit   .   m - +0 robe
rPois   ∞          Reflect  .   c - +0 hat
rElec   .          Harm     .   (no cloak)
rCorr   .          Rampage  .   l - +0 pair of gloves
Will    .....                   (boots unavailable)
Stlth   ++........              (no amulet)
HPRegen 0.09/turn               j - ring of positive energy
MPRegen 0.00/turn               (no ring)

@: flying, very slightly contaminated
A: sickness immunity, fire resistance 2, cold vulnerability 1, float, innate
caster, HP casting, extra vitality 1
a: no special abilities


You were on level 2 of the Dungeon.
You visited 1 branch of the dungeon, and saw 2 of its levels.

You collected 112 gold pieces.

Inventory:

Hand Weapons
 a - a +0 dagger (weapon)
 b - a +0 sling
Missiles
 g - 5 silver javelins
Armour
 c - a +0 hat (worn)
 l - a +0 pair of gloves (worn)
 m - a +0 robe (worn)
Jewellery
 j - a ring of positive energy (left hand)
Scrolls
 d - a scroll of summoning {unknown}
 e - a scroll of fog {unknown}
 i - a scroll of identify {unknown}
 k - a scroll of immolation {unknown}
 n - a scroll of teleportation {unknown}
Potions
 f - a potion of flight {unknown}
 h - 2 potions of heal wounds {unknown}


   Skills:
 * Level 2.5 Fighting
 - Level 2.1 Dodging
 - Level 1.5 Stealth
 + Level 2.8 Spellcasting


You couldn't memorise any spells.
You knew the following spells:

 Your Spells              Type           Power      Damage    Failure   Level
a - Magic Dart            Conj           48%        1d5       5%          1
b - Blink                 Tloc           24%        N/A       9%          2
c - Call Imp              Summ           12%        N/A       9%          2
d - Slow                  Hex            48%        N/A       5%          1
e - Conjure Flame         Conj/Fire      12%        6-21      17%         3
f - Mephitic Cloud        Conj/Pois/Air  12%        N/A       17%         3
g - Beastly Appendage     Tmut           24%        N/A       5%          1
Your spell library was empty.

Dungeon Overview and Level Annotations

Branches:
Dungeon (2/15)

Altars:


Innate Abilities, Weirdness & Mutations

You are immune to sickness and miasma.
You are immune to poison.
Your flesh is very heat resistant. (rF++)
You are vulnerable to cold. (rC-)
You float through the air rather than walking.
You learn spells naturally, not from books.
Your magical power is your life essence.
You have superior vitality. (+4 MHP)


Message History

Press: ? - help, Shift-Dir - straight line, f/p - gnoll
Aim: a gnoll, wielding a +0 flail (severely wounded, confused, chance to affect: 91%)
You miscast Mephitic Cloud.
You are very lightly contaminated with residual magic.
Nothing appears to happen.
The gnoll closely misses you.
Casting: Mephitic Cloud (quite dangerous; 17% risk of failure)
Confirm with . or Enter, or press ? or * to list all spells.
The spell is quite dangerous to miscast (17% risk of failure)!
Continue anyway?
Aiming: Mephitic Cloud (quite dangerous; 17% risk of failure)
Press: ? - help, Shift-Dir - straight line, p - gnoll The ball explodes into a vile cloud!
The stinking cloud engulfs the gnoll but does no damage.
The gnoll is severely wounded.
The stinking cloud engulfs the gnoll but does no damage. x2
The gnoll is lightly wounded.
The gnoll seems less confused.
The gnoll is engulfed in noxious fumes.
The gnoll appears confused.
The gnoll is engulfed in noxious fumes.
The gnoll appears confused.
You barely miss the gnoll.
The gnoll is severely wounded.
A ball python comes into view.
The gnoll is engulfed in noxious fumes. x2; The gnoll appears confused.
The gnoll hits you with a +0 flail!
* * * LOW HITPOINT WARNING * * *
You barely miss the gnoll.
The gnoll is severely wounded.
The gnoll completely misses you.
The gnoll is engulfed in noxious fumes.
The gnoll appears confused.
The gnoll is engulfed in noxious fumes.
The gnoll appears confused.
You hit the gnoll.
The gnoll is almost dead.
The gnoll closely misses you.
You hit the gnoll but do no damage.
The gnoll is almost dead.
The gnoll hits you with a +0 flail.
* * * LOW HITPOINT WARNING * * *
You barely miss the gnoll.
The gnoll is almost dead.
The gnoll hits you with a +0 club.
You die...

......##.........................
......##....###...............#..
..............'...............'..
.....#.....####.....###+#.#####..
..........)......................
#................................
##...............##..............
#..............g..#..............
##.............°@.#..............
##..........g..g.#..............
#..............S.#..............
##...............#..............
##.#............#..............
####.#....###........ ....P##^
######## #.....##+ .P#..^ ......#
#P##. ......+ .#...


You could see 3 gnolls and a ball python.

Vanquished Creatures
  A gnoll (D:2)
  A worm (D:2)
  3 dart slugs (D:1)
  2 bats (D:1)
  5 endoplasms
  A giant cockroach (D:1)
  2 goblins
  2 hobgoblins
  A quokka (D:1)
  5 ball pythons
  A frilled lizard (D:1)
  A kobold (D:1)
  A rat (D:1)
26 creatures vanquished.

Notes
Turn   | Place    | Note
-------+----------+-------------------------------------------
     0 | D:1      | porpoise the Djinni Hedge Wizard began the quest for the
                  | Orb.
     0 | D:1      | porpoise set off with the following spells memorised: Magic
                  | Dart, Blink, Call Imp, Slow, Conjure Flame, Mephitic Cloud.
     0 | D:1      | Reached XP level 1. HP: 15/15 MP: 0/0
   164 | D:1      | Reached skill level 1 in Fighting
   281 | D:1      | Reached XP level 2. HP: 13/22 MP: 0/0
  1070 | D:1      | Reached XP level 3. HP: 22/28 MP: 0/0
  1070 | D:1      | Learned a level 1 spell: Beastly Appendage
  1461 | D:2      | Found a faded altar of an unknown god.
  1718 | D:2      | Slain by a gnoll

Illustrated notes

Levels and vault maps discovered:
D:1:      matt_arrival_grand_opening, layout_rooms, minmay_misc_feat_tiny,
          minivault_25, st_stairs_1, chequers_decorated_corner
D:2:      layout_basic, shapermc_ecumenical_altar_rom_forum,
          grunt_ministairs_14, nicolae_figureground_sparkle

Skill      XL: |  1  2  3 |
---------------+----------+-----
Fighting       | 1 2 |  2.5
Dodging        | |  2.1
Stealth        | |  1.5
Spellcasting   | |  2.8

Action                   || total
-------------------------++-------
Melee: Dagger            ||    20
 Fire: Sling             ||     5
 Cast: Magic Dart        ||    61
       Mephitic Cloud    ||     3
 Stab: Sleeping          ||     1
Armor: Robe              ||     2
Dodge: Dodged            ||    16

Table legend: (Time is in decaauts)
 A = Elapsed time spent in this place.
 B = Non-inter-level travel time spent in this place.
 C = Inter-level travel time spent in this place.
 D = Time resting spent in this place.
 E = Time spent auto-exploring this place.
 F = Levels seen in this place.
 G = Mean time per level.
                   A        B        C        D        E       F      G
               +--------+--------+--------+--------+--------+-----+--------+
         Total |   1717 |   1692 |     25 |    978 |    504 |   2 |  858.5 |
       Dungeon |   1717 |   1692 |     25 |    978 |    504 |   2 |  858.5 |
               +--------+--------+--------+--------+--------+-----+--------+

Top non-repeatable levels by time:
     D:1: 1411 daAuts
     D:2: 306 daAuts
